 Dungeon Crawl Stone Soup version 0.18-a0-775-g4d9e04e (webtiles) character file.

276 JokEr the Skirmisher (level 6, -4/82 HPs)
             Began as a Draconian Berserker on Dec 13, 2015.
             Was a Believer of Trog.
             Slain by an orc
             ... wielding a +0 falchion
              (9 damage)
             ... on level 4 of the Dungeon.
             The game lasted 00:06:44 (2877 turns).

JokEr the Skirmisher (Draconian Berserker)          Turns: 2877, Time: 00:06:44

Health: -4/82      AC:  6    Str: 26    XL:     6   Next: 4%
Magic:  6/6        EV: 13    Int:  7    God:    Trog [**....]
Gold:   162        SH:  0    Dex: 11    Spells: 0 memorised, 5 levels left

rFire  . . .     SeeInvis .     a - +0 mace
rCold  . . .     Clarity  .     (armour unavailable)
rNeg   . . .     SustAt   .     (no shield)
rPois  .         Gourm    .     (helmet restricted)
rElec  .         Spirit   .     (no cloak)
rCorr  .         Dismiss  .     (no gloves)
rMut   .         Stasis   .     (no boots)
MR     .....                    (no amulet)
Stlth  ..........               (no ring)
                                (no ring)

@: berserking, very quick, not resistant to hostile enchantments, extremely
unstealthy
A: unfitting armour, cold-blooded, AC +6
a: Berserk, Trog's Hand, Burn Spellbooks, Renounce Religion


You were on level 4 of the Dungeon.
You worshipped Trog.
Trog was pleased with you.
You were hungry.

You visited 1 branch of the dungeon, and saw 4 of its levels.

You collected 162 gold pieces.

Inventory:

Hand Weapons
 a - a +0 mace (weapon)
Wands
 o - a wand of slowing (15)
Scrolls
 e - a scroll of fear
 h - 2 scrolls of teleportation
 i - a scroll of remove curse
 k - 2 scrolls of identify
Potions
 c - 2 potions of ambrosia {unknown}
 d - a potion of curing {unknown}
 f - 2 potions of brilliance {unknown}
 g - 2 potions of heal wounds {unknown}
 j - a potion of haste {unknown}
 n - a potion of resistance {unknown}
 q - a potion of invisibility
Comestibles
 b - a bread ration
 l - a royal jelly
 m - 2 beef jerkies


   Skills:
 + Level 4.8 Fighting
 + Level 4.4 Maces & Flails
 + Level 4.4 Dodging


You had 5 spell levels left.
You didn't know any spells.

Dungeon Overview and Level Annotations

Branches:
Dungeon (4/15)
 Temple: D:4-7

Altars:
Vehumet


Innate Abilities, Weirdness & Mutations

Your plain brown scales are hard (AC +6).
Your body does not fit into most forms of armour.
You are cold-blooded and may be slowed by cold attacks.


Message History

The orc hits you but does no damage.
You barely miss the orc priest.
The orc priest is moderately wounded.
The orc hits you but does no damage. The orc barely misses you.
The orc priest closely misses you. The orc closely misses you.
The orc hits you but does no damage.
You barely miss the orc priest. You tail-slap the orc priest.
The orc priest is severely wounded.
The orc hits you but does no damage. The orc priest closely misses you.
The orc hits you but does no damage.
You sock the orc priest!
You kill the orc priest!
Trog accepts your kill.
You have reached level 6!
Your experience leads to an increase in your attributes!
Your base attributes are Str 20, Int 7, Dex 11.
Increase (S)trength, (I)ntelligence, or (D)exterity?
You feel stronger.
Your scales feel tougher.
The orc misses you. The orc hits you with a falchion!
You die...

..............#
...............
................
.................
.................
.................
......ooo........
.......@o........
.......?.........
...).........)...
.................
..........<...............
..........................
..........................
..........................
..........................


You could see 4 orcs.

Vanquished Creatures
  A centaur (D:3)
  An orc priest (D:4)
  Jessica (D:3)
  Ijyb (D:3)
  A worker ant (D:3)
  Robin (D:3)
  2 adders (D:2)
  A worm (D:4)
  5 orcs
  6 giant cockroaches
  14 goblins
  5 hobgoblins
  5 bats
  2 giant newts (D:1)
  9 kobolds
  A quokka (D:3)
  A quokka skeleton (D:4)
  4 rats
61 creatures vanquished.

Vanquished Creatures (others)
  A goblin (D:3)
1 creature vanquished.

Grand Total: 62 creatures vanquished

Notes
Turn   | Place    | Note
--------------------------------------------------------------
     0 | D:1      | JokEr the Draconian Berserker began the quest for the Orb.
     0 | D:1      | Reached XP level 1. HP: 19/19 MP: 1/1
   546 | D:1      | Reached XP level 2. HP: 24/26 MP: 2/2
  1297 | D:2      | Reached XP level 3. HP: 31/31 MP: 3/3
  1723 | D:3      | Noticed Jessica
  1729 | D:3      | Killed Jessica
  1729 | D:3      | Reached ** piety under Trog
  1729 | D:3      | Reached XP level 4. HP: 35/40 MP: 4/4
  1770 | D:3      | Noticed Robin
  1798 | D:3      | Killed Robin
  1798 | D:3      | Reached skill level 4 in Fighting
  2052 | D:3      | Noticed a centaur
  2056 | D:3      | Noticed Ijyb
  2061 | D:3      | Killed a centaur
  2061 | D:3      | Reached XP level 5. HP: 28/47 MP: 5/5
  2063 | D:3      | Killed Ijyb
  2712 | D:3      | Found a radiant altar of Vehumet.
  2877 | D:4      | Reached XP level 6. HP: 4/55 MP: 6/6
  2877 | D:4      | Slain by an orc

Vault maps used:
D:1:      minmay_arrival_four_loops, minmay_misc_feat_roman, st_stairs_1
D:3:      lemuel_upstairs_altar, fiery_altar_vehumet, uniq_jessica, uniq_robin,
          uniq_iyjb
D:4:      nemelex_deck

Action                   |  1- 3 |  4- 6 || total
-------------------------+-------+-------++-------
Melee: Mace              |    63 |   105 ||   168
Invok: Berserk           |       |     2 ||     2
  Use: Scroll            |       |     6 ||     6
 Stab: Sleeping          |     1 |       ||     1
  Eat: Chunk             |     1 |     4 ||     5
       Royal jelly       |       |     1 ||     1
